 Dungeon Crawl Stone Soup version 0.31-a0-983-g7b6862f502 (webtiles) character file.

Game seed: 3010754145972203665

166 FIREandBLOOD the Slasher (level 5, -3/30 HPs)
             Began as a Tengu Reaver on Nov 3, 2023.
             Slain by an orc wizard
             ... wielding a +0 dagger of electrocution
              (8 damage)
             ... on level 3 of the Dungeon.
             The game lasted 00:23:41 (2418 turns).

FIREandBLOOD the Slasher (Tengu Reaver)             Turns: 2418, Time: 00:23:41

Health: -3/30      AC:  7    Str:  9 (12) XL:     5   Next: 47%
Magic:  6/10       EV:  8    Int: 14 (15) God:
Gold:   117        SH:  0    Dex: 11 (13) Spells: 7/9 levels left

rFire   . . .        a - +0 falchion
rCold   . . .        (no shield)
rNeg    . . .        d - +0 scale mail
rPois   .            j - +1 hat
rElec   .            f - scarf {repulsion}
rCorr   .            (no gloves)
SInv    .            (boots unavailable)
Will    .....        (no amulet) Stlth
                     (no ring)
HPRegen 0.25/turn    (no ring)
MPRegen 0.12/turn

%: repel missiles, acrobat
@: very slightly contaminated
A: beak, talons 3, acrobatic
a: no special abilities


You were on level 3 of the Dungeon.
You visited 1 branch of the dungeon, and saw 3 of its levels.

You collected 117 gold pieces.

Inventory:

Hand Weapons
 a - a +0 falchion (weapon)
Missiles
 g - 34 stones
Armour
 b - a +0 leather armour
 d - a +0 scale mail (worn)
 f - a scarf of repulsion (worn)
 j - a +1 hat (worn)
 q - a +3 leather armour
Magical Staves
 m - a staff of air
Jewellery
 n - an amulet of faith
Scrolls
 c - 2 scrolls of identify {unknown}
 e - a scroll of noise {unknown}
 h - a scroll of poison {unknown}
 l - a scroll of teleportation {unknown}
 o - a scroll of blinking {unknown}
Potions
 p - a potion of haste {unknown}


   Skills:
 - Level 2.0 Fighting
 + Level 4.6 Long Blades
 + Level 2.1 Armour
 - Level 2.6 Dodging
 + Level 2.8 Spellcasting
 - Level 4.1 Conjurations
 + Level 2.6 Air Magic


You had 7 spell levels left.
You knew the following spells:

 Your Spells              Type           Power      Damage    Failure   Level
b - Shock                 Conj/Air       44%        1d5       38%         1
k - Kiss of Death         Conj/Necr      28%        2d7       58%         1

Your spell library contained the following spells:

 Spells                   Type           Power      Damage    Failure   Level
 Momentum Strike          Conj/Tloc      14%        3d8       73%         2
 Swiftness                Air            9%         N/A       86%         3
 Hailstorm                Conj/Ice       7%         3d4       91%         3
 Ensorcelled Hibernation  Hex/Ice        2%         N/A       95%         2
 Jinxbite                 Hex            2%         N/A       95%         2
 Gell's Gravitas          Tloc           1%         N/A       99%         3
 Teleport Other           Tloc           1%         N/A       99%         3
 Airstrike                Air            4%         2d(1-17)  99%         4
 Anguish                  Hex/Necr       0%         N/A       100%        4
 Dispersal                Tloc           0%         N/A       100%        6


Dungeon Overview and Level Annotations

Branches:
Dungeon (3/15)

Altars:
Ru
Zin

Annotations:
D:2 Sigmund


Innate Abilities, Weirdness & Mutations

You have a beak for a mouth.
You have claws for feet.
You can magically evade attacks while moving or waiting.


Message History

You are too injured to fight recklessly!
Okay, then.
Okay, then.
Throw: throwing net
Press: ? - help, Q - select action, (/) - cycle Shift-Dir - straight line, f - orc wizard, p - frilled lizard
Aim: an orc wizard, wielding a +0 dagger of electrocution and wearing a +0 robe (moderately wounded, mute, 45% to hit)
You throw a throwing net.
The throwing net closely misses the orc wizard.
The frilled lizard hisses angrily.
The orc wizard hits you but does no damage.
Casting: Shock (safe; 26% risk of failure)
Confirm with . or Enter, or press ? or * to list all spells.
Aiming: Shock (safe; 26% risk of failure)
Press: ? - help, Shift-Dir - straight line, f/p - orc wizard
Aim: an orc wizard, wielding a +0 dagger of electrocution and wearing a +0 robe (moderately wounded, mute, 60% to hit)
Okay, then.
The frilled lizard hisses angrily.
The orc wizard misses you.
The frilled lizard hisses angrily.
The orc wizard attacks as it pursues you!
The orc wizard completely misses you.
Casting: Shock (safe; 26% risk of failure)
Confirm with . or Enter, or press ? or * to list all spells.
Aiming: Shock (safe; 26% risk of failure)
Press: ? - help, Shift-Dir - straight line, p - orc wizard
Okay, then.
Okay, then.
Casting: Shock (safe; 26% risk of failure)
Confirm with . or Enter, or press ? or * to list all spells.
You don't know that spell.
Casting: Shock (safe; 26% risk of failure)
Confirm with . or Enter, or press ? or * to list all spells.
You don't know that spell.
It was a potion of degeneration.
There was something very wrong with that liquid.
You feel weakened.
You feel dopey.
You feel clumsy.
The frilled lizard hisses angrily.
The orc wizard hits you but does no damage.
You are electrocuted!
You die...

..##.# #.. ### #....# .... ...
....###._.# ... #...#..... #.
#.##...#.l.# #. #......#†. ..
###.##.#....(#######+ .~
#......#.......#..... #
##.#......@o.####...# .# # ##
.........#### ...##.#### ...
#..#.....#######..##..##..
..#..#...#.##...#........#.# .
>..#.....))...............
....##.#.#.#)##...............
.oo......#.#.######........#.#
##...........# ###........#.#
#.......#.### #......>.....)


You could see an orc wizard (mute) and a frilled lizard (wandering, blind).

Vanquished Creatures
  2 orc wizards (D:3)
  Robin (D:2)
  5 adders
  2 dart slugs (D:1)
  An orc (D:3)
  3 ball pythons (D:2)
  3 bats
  5 endoplasms
  A giant cockroach (D:3)
  13 goblins
  2 hobgoblins (D:2)
  3 quokkas
  5 frilled lizards
  5 kobolds
  10 rats
61 creatures vanquished.

Notes
Turn   | Place    | Note
-------+----------+-------------------------------------------
     0 | D:1      | FIREandBLOOD the Tengu Reaver began the quest for the Orb.
     0 | D:1      | Reached XP level 1. HP: 12/12 MP: 4/4
   180 | D:1      | Reached XP level 2. HP: 8/17 MP: 6/6
   456 | D:1      | Learned a level 1 spell: Shock
   860 | D:2      | Noticed Sigmund
   954 | D:2      | Reached XP level 3. HP: 18/20 MP: 7/7
  1236 | D:2      | Noticed Robin
  1264 | D:2      | Reached skill level 1 in Air Magic
  1269 | D:2      | Reached skill level 1 in Armour
  1283 | D:2      | Killed Robin
  1284 | D:2      | Reached XP level 4. HP: 12/24 MP: 6/8
  1925 | D:3      | Found a glowing silver altar of Zin.
  2020 | D:3      | Found a faded altar of an unknown god.
  2187 | D:3      | Reached XP level 5. HP: 3/30 MP: 7/10
  2407 | D:3      | Found a sacrificial altar of Ru.
  2418 | D:3      | Slain by an orc wizard

Illustrated notes

Levels and vault maps discovered:
D:1:      onia_arrival_mini_maze, layout_loops_ring
D:2:      layout_basic, uniq_sigmund, uniq_robin
D:3:      layout_loops_cross, nicolae_ru_great_annihilating_truth,
          zin_scriptorium, serial_rivers, chequers_serial_rivers_small_b,
          chequers_serial_rivers_micro_a, chequers_serial_rivers_micro_b,
          chequers_serial_rivers_micro_a,
          shapermc_ecumenical_altar_mp_urbaneastern, st_stairs_5,
          kennysheep_generic_room_15

Skill      XL: |  1  2  3  4  5 |
---------------+----------------+-----
Long Blades    | 4 |  4.6
Air Magic      | 1 2 |  2.6
Armour         | 1 2 |  2.1
Fighting       | |  2.0
Dodging        | |  2.6
Spellcasting   | |  2.8
Conjurations   | |  4.1

Action                     |  1- 3 |  4- 6 || total
---------------------------+-------+-------++-------
  Melee: Falchion          |    87 |    92 ||   179
         Peck              |     8 |    20 ||    28
         Kick              |    17 |    14 ||    31
         Punch             |     1 |       ||     1
  Throw: Throwing net      |     1 |     1 ||     2
   Cast: Kiss of Death     |     2 |       ||     2
         Shock             |       |    10 ||    10
    Use: Potion            |     2 |     2 ||     4
 Armour: Leather armour    |    14 |       ||    14
         Scale mail        |    25 |    72 ||    97
  Dodge: Dodged            |    39 |    44 ||    83
         Repelled          |       |     1 ||     1

Table legend: (Time is in decaauts)
 A = Elapsed time spent in this place.
 B = Non-inter-level travel time spent in this place.
 C = Inter-level travel time spent in this place.
 D = Time resting spent in this place.
 E = Time spent auto-exploring this place.
 F = Levels seen in this place.
 G = Mean time per level.
                   A        B        C        D        E       F      G
               +--------+--------+--------+--------+--------+-----+--------+
         Total |   2436 |   2302 |    134 |    369 |    794 |   3 |  812.0 |
       Dungeon |   2436 |   2302 |    134 |    369 |    794 |   3 |  812.0 |
               +--------+--------+--------+--------+--------+-----+--------+

Top non-repeatable levels by time:
     D:2: 947 daAuts
     D:1: 901 daAuts
     D:3: 587 daAuts
